 Dungeon Crawl Stone Soup version 0.18-a0-1164-g7046a04 (webtiles) character file.

45624 4thArraOfDagon the Bludgeoner (level 14, -2/153 HPs)
             Began as an Ogre Arcane Marksman on Jan 25, 2016.
             Was a High Priest of Okawaru.
             Shot with an arrow by a deep elf knight (9 damage)
             ... on level 3 of the Elven Halls.
             The game lasted 00:45:44 (6925 turns).

4thArraOfDagon the Bludgeoner (OgAM)                Turns: 6925, Time: 00:45:45

Health: -2/153     AC: 11    Str: 21    XL:     14   Next: 33%
Magic:  19/22      EV: 17    Int: 23    God:    Okawaru [*****.]
Gold:   1155       SH:  0    Dex: 13    Spells: 1 memorised, 14 levels left

rFire  . . .     SeeInvis .     C - +4 giant spiked club "Quprie" {crush, Int+8 Dex+3}
rCold  . . .     Gourm    .     D - +0 troll leather armour
rNeg   . . .     Faith    .     (shield currently unavailable)
rPois  +         Spirit   .     (helmet restricted)
rElec  .         Dismiss  .     I - +1 cloak {rPois}
rCorr  .         Reflect  .     (gloves unavailable)
SustAt +         Harm     .     (boots unavailable)
MR     +....                    p - amulet of regeneration
Stlth  ++........               H - ring of poison resistance
                                v - ring of sustain attributes

@: heroism, finesse, somewhat resistant to hostile enchantments, unstealthy
A: unfitting armour, thin metallic scales 1, slow regeneration 1, strong 1,
tough skin 1
a: Heroism, Finesse, Renounce Religion


You were on level 3 of the Elven Halls.
You worshipped Okawaru.
Okawaru was extremely pleased with you.
You were hungry.

You visited 4 branches of the dungeon, and saw 19 of its levels.
You also visited: Ice Cave.

You collected 1452 gold pieces.
You spent 297 gold pieces at shops.

Inventory:

Hand Weapons
 g - a +0 blowgun
 o - a +0 giant club
 B - a cursed -1 blowgun
 C - the +4 giant spiked club "Quprie" (weapon) {crush, Int+8 Dex+3}
   (Okawaru gifted it to you on level 1 of the Orcish Mines)

   It inflicts extra damage upon your enemies.
   It affects your intelligence (+8).
   It affects your dexterity (+3).
 J - a +0 giant spiked club
Missiles
 h - 13 poisoned needles
 k - a large rock (quivered)
Armour
 a - a +0 robe
 y - the +3 robe of Cihen {-Tele rPois Regen+ Int+3}
   (You found it on level 10 of the Dungeon)

   It affects your intelligence (+3).
   It protects you from poison.
   It prevents most forms of teleportation.
   It increases your rate of regeneration.
 z - a +1 robe of fire resistance
 D - a +0 troll leather armour (worn)
 I - a +1 cloak of poison resistance (worn)
Magical Staves
 n - an uncursed staff of air {unknown}
Jewellery
 p - an amulet of regeneration (around neck)
 v - a ring of sustain attributes (left hand)
 H - a ring of poison resistance (right hand)
Wands
 e - a wand of magic darts (17/48)
 i - a wand of polymorph (1/24)
 j - a wand of disintegration (10/24)
 q - a wand of slowing (8/48)
 r - a wand of random effects (0/48)
 w - a wand of cold (0/15)
 E - a wand of draining (6/15)
Scrolls
 l - 2 scrolls of noise
 s - a scroll of immolation
 t - a scroll of magic mapping
 u - a scroll of fear
 F - 2 scrolls of amnesia
 L - 2 scrolls of enchant weapon
Potions
 m - a potion of poison
 A - a potion of flight
Books
 b - a book of Debilitation

   Spells                             Type                      Level
   a - Corona                         Hexes                        1
   b - Slow                           Hexes                        2
   c - Gell's Gravitas                Hexes/Translocation          3
   d - Inner Flame                    Hexes/Fire                   3
   e - Cause Fear                     Hexes                        4
   f - Leda's Liquefaction            Hexes/Earth                  4
Comestibles
 c - a royal jelly
 d - 8 chunks of flesh
 f - 5 bread rations
 K - 2 meat rations


   Skills:
 + Level 13.6(18.6) Fighting
 * Level 17.9(22.9) Maces & Flails
 - Level 2.0(7.0) Throwing
 + Level 6.7(11.7) Armour
 + Level 8.7(13.7) Dodging
 - Level 1.2 Spellcasting
 - Level 2.1 Hexes
 + Level 10.9 Invocations
 - Level 4.2 Evocations


You had 14 spell levels left.
You knew the following spells:

 Your Spells              Type           Power        Failure   Level  Hunger
a - Corona                Hex            ##.....      10%         1    ##.....


Dungeon Overview and Level Annotations

Branches:
Dungeon (13/15)            Temple (1/1) D:4             Orc (2/2) D:11
    Elf (3/3) Orc:2
   Lair: D:8-11      Vaults: D:13-14

Altars:
Ashenzari
Cheibriados
Elyvilon
Gozag
Makhleb
Nemelex Xobeh
Okawaru
Pakellas
Qazlal
Ru
Vehumet
Xom
The Shining One

Shops:
Orc:2 *(%[

Annotations:
D:2 Terence
D:4 Grinder
D:8 Pikel
D:9 Erica
Elf:3 Nikola


Innate Abilities, Weirdness & Mutations

You are too large for most types of armour.
You have tough skin (AC +1).
You are partially covered in thin metallic scales (AC +2).
You regenerate slowly when monsters are visible.
Your muscles are strong. (Str +2)


Message History

Unknown command.
Unknown command.
Unknown command.
Unknown command.
Unknown command.
Unknown command.
Unknown command.
Unknown command.
Unknown command.
Unknown command.
Unknown command.
The deep elf mage casts a spell.
The deep elf mage blinks!
The deep elf demonologist gestures wildly while chanting.
The deep elf mage casts a spell.
The deep elf mage blinks!
The deep elf knight unwields an uncursed long sword.
The deep elf knight wields an uncursed shortbow.
The deep elf knight shoots an arrow.
The arrow hits you!
You die...

####### ##..e..## .
##.......## ...
##.........##
.....####...E......e#
.P..('.@(ee.e2e....e#
....e####e.e..4.....+
... #..ยง.<4.....# .
#...........#
##.........##
#'.......###
.##.....###. #
####### .# #. #


You could see a deep elf demonologist, a deep elf archer, 3 deep elf knights, an
earth elemental, a rust devil, 3 deep elf magi, a tormentor and a red devil.

Vanquished Creatures
  Rupert (Orc:2)
  A deep elf sorcerer (Elf:3)
  A deep elf annihilator (Elf:3)
  4 ogre magi (Orc:2)
  3 dancing weapons
  An orc high priest (Orc:1)
  5 deep elf knights
  2 hill giants (D:11)
  A deep elf archer (Elf:3)
  A water nymph (Orc:2)
  A cyclops (D:11)
  27 deep elf magi
  3 ugly things
  3 orc sorcerers
  Maurice (Orc:2)
  4 ice statues
  4 ice devils (IceCv)
  19 two-headed ogres
  5 trolls
  An air elemental (Elf:3)
  14 yaks
  2 water elementals
  A hungry ghost (D:11)
  A fire elemental (Elf:2)
  2 wargs
  A water moccasin (D:11)
  9 orc warriors
  A sky beast (D:11)
  2 black bears
  A phantom (D:12)
  38 ogres
  3 centaurs
  3 big kobolds
  5 giant frogs
  2 earth elementals
  A scorpion (D:5)
  9 wights
  10 killer bees
  2 electric eels
  2 crimson imps
  2 hounds
  2 quasits
  2 centaur zombies
  A jelly (D:12)
  8 orc wizards
  3 centaur skeletons
  11 orc priests
  Ijyb (D:2)
  2 worker ants (D:11)
  A hound zombie (D:5)
  3 gnolls (Orc:2)
  7 adders
  A shadow imp (D:12)
  4 white imps (IceCv)
  6 ufetubi (IceCv)
  3 giant geckos
  39 orcs
  A ball python (D:2)
  6 giant cockroaches
  3 goblins
  4 hobgoblins
  10 jackals
  5 quokkas
  8 bats
  A giant gecko zombie (D:5)
  4 giant newts
  A jackal zombie (D:9)
  20 kobolds
  A quokka skeleton (D:4)
  4 rats
361 creatures vanquished.

Vanquished Creatures (others)
  A centaur (D:12)
  An orc priest (Orc:2)
  An ufetubus (IceCv)
  A fungus (Elf:2)
4 creatures vanquished.

Grand Total: 365 creatures vanquished

Notes
Turn   | Place    | Note
--------------------------------------------------------------
     0 | D:1      | 4thArraOfDagon the Ogre Arcane Marksman began the quest for the Orb.
     0 | D:1      | Reached XP level 1. HP: 19/19 MP: 2/2
   260 | D:1      | Reached XP level 2. HP: 7/29 MP: 3/3
   301 | D:1      | Reached skill level 3 in Fighting
   336 | D:2      | Found a sparkling altar of Nemelex Xobeh.
   375 | D:2      | Found a faded altar to an unknown god.
   401 | D:2      | Reached skill level 1 in Maces & Flails
   427 | D:2      | Noticed Terence
   487 | D:5      | Entered Level 5 of the Dungeon
   504 | D:5      | Noticed a scorpion
   511 | D:5      | Killed a scorpion
   511 | D:5      | Reached skill level 1 in Evocations
   511 | D:5      | Reached XP level 3. HP: 16/37 MP: 4/4
   511 | D:5      | Reached XP level 4. HP: 19/45 MP: 5/5
   516 | D:5      | Found an oddly glowing altar of Pakellas.
   725 | D:6      | Reached skill level 4 in Fighting
   725 | D:6      | Reached XP level 5. HP: 20/54 MP: 6/6
   992 | D:6      | Found an opulent altar of Gozag.
  1035 | D:7      | Found a radiant altar of Vehumet.
  1053 | D:7      | Noticed an ogre
  1065 | D:7      | Killed an ogre
  1065 | D:7      | Reached XP level 6. HP: 61/63 MP: 6/8
  1149 | D:7      | Reached skill level 5 in Maces & Flails
  1165 | D:7      | Reached XP level 7. HP: 21/71 MP: 9/9
  1214 | D:7      | Reached skill level 5 in Fighting
  1228 | D:7      | Reached skill level 6 in Maces & Flails
  1376 | D:4      | Found a staircase to the Ecumenical Temple.
  1401 | Temple   | Entered the Ecumenical Temple
  1439 | Temple   | Became a worshipper of Warmaster Okawaru
  1466 | D:3      | Found a snail-covered altar of Cheibriados.
  1492 | D:3      | :(
  1594 | D:2      | Noticed Ijyb
  1596 | D:2      | Killed Ijyb
  1738 | D:2      | Found a white marble altar of Elyvilon.
  1739 | D:2      | Found an opulent altar of Gozag.
  2061 | D:4      | Noticed Grinder
  2344 | D:8      | Found a shimmering altar of Xom.
  2345 | D:8      | Found a shimmering altar of Xom.
  2345 | D:8      | Found a shimmering altar of Xom.
  2347 | D:8      | Found a shimmering altar of Xom.
  2348 | D:8      | Found a shimmering altar of Xom.
  2407 | D:9      | Noticed a yak
  2407 | D:9      | Noticed a yak
  2409 | D:9      | Noticed a yak
  2410 | D:9      | Noticed a yak
  2412 | D:9      | Noticed a yak
  2413 | D:9      | Killed a yak
  2413 | D:9      | Reached skill level 1 in Invocations
  2413 | D:9      | Reached XP level 8. HP: 45/83 MP: 9/11
  2414 | D:9      | Killed a yak
  2414 | D:9      | Reached skill level 7 in Maces & Flails
  2414 | D:9      | Killed a yak
  2414 | D:9      | Reached * piety under Okawaru
  2429 | D:8      | Noticed Pikel
  2478 | D:7      | Reached skill level 8 in Maces & Flails
  2753 | D:9      | Reached ** piety under Okawaru
  2760 | D:9      | Noticed Erica
  2776 | D:10     | Entered Level 10 of the Dungeon
  2792 | D:10     | Got an ominously black robe
  2803 | D:10     | Identified the +3 robe of Cihen {-Tele rPois Regen+ Int+3} (You found it on level 10 of the Dungeon)
  2814 | D:10     | Noticed a yak
  2815 | D:10     | Noticed a yak
  2847 | D:10     | Killed a yak
  2847 | D:10     | Reached skill level 9 in Maces & Flails
  2847 | D:10     | Reached XP level 9. HP: 84/93 MP: 9/12
  2976 | D:10     | free drain!
  3135 | D:11     | Noticed a hill giant
  3191 | D:11     | Killed a hill giant
  3191 | D:11     | Reached *** piety under Okawaru
  3191 | D:11     | Reached skill level 10 in Maces & Flails
  3193 | D:11     | Reached skill level 5 in Invocations
  3284 | D:10     | Reached skill level 11 in Maces & Flails
  3288 | D:10     | Reached XP level 10. HP: 83/106 MP: 11/14
  3450 | D:11     | Noticed a cyan ugly thing
  3463 | D:11     | Killed a cyan ugly thing
  3463 | D:11     | Reached **** piety under Okawaru
  3530 | D:11     | Reached skill level 12 in Maces & Flails
  3530 | D:11     | Reached skill level 1 in Armour
  3558 | D:11     | Noticed a hill giant
  3679 | D:11     | Killed a hill giant
  3723 | D:11     | Received a gift from Okawaru
  3776 | D:11     | Noticed a red ugly thing
  3785 | D:11     | Killed a red ugly thing
  3785 | D:11     | Reached skill level 10 in Fighting
  3785 | D:11     | Reached skill level 13 in Maces & Flails
  3785 | D:11     | Reached skill level 5 in Dodging
  3785 | D:11     | Reached XP level 11. HP: 63/117 MP: 13/16
  3832 | D:11     | Noticed a cyclops
  3847 | D:11     | Killed a cyclops
  3847 | D:11     | Reached ***** piety under Okawaru
  3934 | D:12     | Noticed a purple ugly thing
  3950 | D:12     | Killed a purple ugly thing
  4084 | D:12     | Found a shimmering altar of Xom.
  4131 | D:11     | Found a staircase to the Orcish Mines.
  4173 | Orc:1    | Entered Level 1 of the Orcish Mines
  4189 | Orc:1    | Received a gift from Okawaru
  4192 | Orc:1    | Got a jewelled giant spiked club {god gift}
  4194 | Orc:1    | Identified the +4 giant spiked club "Quprie" {crush, Int+8 Dex+3} (Okawaru gifted it to you on level 1 of the Orcish Mines)
  4427 | Orc:2    | Entered Level 2 of the Orcish Mines
  4427 | Orc:2    | Noticed an orc sorcerer
  4435 | Orc:2    | Killed an orc sorcerer
  4440 | Orc:2    | Noticed Rupert
  4448 | Orc:2    | Noticed an orc sorcerer
  4468 | Orc:1    | Killed an orc sorcerer
  4567 | Orc:2    | Found a staircase to the Elven Halls.
  4687 | Orc:2    | Reached skill level 14 in Maces & Flails
  4710 | Orc:2    | Noticed a deep elf mage
  4713 | Orc:2    | Killed a deep elf mage
  4722 | Orc:2    | Noticed a deep elf mage
  4722 | Orc:2    | Noticed a deep elf mage
  4725 | Orc:2    | Noticed a deep elf mage
  4725 | Orc:2    | Noticed a deep elf mage
  4731 | Orc:2    | Killed a deep elf mage
  4734 | Orc:2    | Killed a deep elf mage
  4743 | Orc:2    | Killed a deep elf mage
  4745 | Orc:2    | Noticed a deep elf mage
  4746 | Orc:2    | Noticed a deep elf mage
  4748 | Orc:2    | Killed a deep elf mage
  4748 | Orc:2    | Received a gift from Okawaru
  4748 | Orc:2    | Reached XP level 12. HP: 99/130 MP: 14/18
  4754 | Orc:2    | Noticed Nessos
  4767 | Orc:2    | Noticed Nessos
  4767 | Orc:2    | Nessos changed into Nessos the water nymph
  4772 | Orc:2    | Killed Nessos the water nymph
  4798 | Orc:2    | Noticed an ogre mage
  4813 | Orc:2    | Noticed an ogre mage
  4848 | Orc:1    | Reached skill level 15 in Maces & Flails
  4865 | Orc:1    | Gained mutation: You regenerate slowly when monsters are visible. [potion of mutation]
  4865 | Orc:1    | Gained mutation: Your muscles are strong. (Str +2) [potion of mutation]
  4865 | Orc:1    | Gained mutation: You are partially covered in thin metallic scales (AC +2). [potion of mutation]
  4995 | Orc:2    | Killed Rupert
  4995 | Orc:2    | Reached skill level 5 in Armour
  4998 | Orc:2    | Noticed an ogre mage
  5009 | Orc:2    | Killed an ogre mage
  5009 | Orc:2    | Reached ****** piety under Okawaru
  5020 | Orc:2    | Noticed an ogre mage
  5136 | Orc:2    | Reached XP level 13. HP: 112/140 MP: 20/20
  5166 | Orc:2    | Reached skill level 16 in Maces & Flails
  5216 | Orc:2    | Killed an ogre mage
  5216 | Orc:2    | Received a gift from Okawaru
  5289 | Orc:2    | Found Asyossoca's Armour Shoppe.
  5289 | Orc:2    | Found Giej's Food Shop.
  5290 | Orc:2    | Found Egon's Weapon Shop.
  5290 | Orc:2    | Found Huotiuph's Assorted Antiques.
  5299 | Orc:2    | Bought a scroll labeled NENONUDORI for 18 gold pieces
  5299 | Orc:2    | Bought a scroll labeled QOTOVI VUTWUO for 18 gold pieces
  5299 | Orc:2    | Bought a scroll labeled QOTOVI VUTWUO for 18 gold pieces
  5299 | Orc:2    | Bought a scroll of magic mapping for 63 gold pieces
  5299 | Orc:2    | Bought a scroll of teleportation for 54 gold pieces
  5299 | Orc:2    | Bought a scroll of identify for 36 gold pieces
  5299 | Orc:2    | Bought a brass ring for 90 gold pieces
  5602 | Orc:2    | Reached skill level 10 in Invocations
  5637 | Orc:2    | Noticed Maurice
  5651 | Orc:2    | Killed Maurice
  5723 | Elf:1    | Entered Level 1 of the Elven Halls
  5791 | Elf:1    | Found a frozen archway.
  5842 | IceCv    | Entered an ice cave
  6186 | Elf:3    | Entered Level 3 of the Elven Halls
  6213 | Elf:2    | Reached skill level 17 in Maces & Flails
  6538 | Elf:2    | Reached XP level 14. HP: 115/153 MP: 21/21
  6557 | Elf:3    | Noticed Nikola
  6557 | Elf:3    | Noticed a deep elf demonologist
  6890 | Elf:3    | Noticed a deep elf annihilator
  6890 | Elf:3    | Noticed a deep elf sorcerer
  6893 | Elf:3    | Killed a deep elf annihilator
  6895 | Elf:3    | Noticed a deep elf sorcerer
  6899 | Elf:3    | Killed a deep elf sorcerer
  6904 | Elf:3    | Noticed a deep elf blademaster
  6924 | Elf:3    | HP: 6/153 [deep elf archer/arrow (4)]
  6925 | Elf:3    | Shot with an arrow by a deep elf knight

Vault maps used:
D:1:      erik_arrival_cave_to_civilisation
D:2:      nemelex_xobeh_ov_fountains_minmay, nicolae_overflow_hidden_temple,
          first_bread, ecumenical_altar_2, eino_tiny_chamber,
          lemuel_another_geyser, uniq_iyjb, uniq_robin, uniq_terence
D:3:      kennysheep_six_static_rooms, lemuel_crystal_altar, marbit_many_paths
D:4:      minmay_temple_entry_glass, uniq_grinder
D:5:      grunt_pakellas_salt
D:6:      grunt_decor_resistance, grunt_gozag_statues
D:7:      lemuel_round_altar, kennysheep_generic_room_16
D:8:      grunt_temple_overflow_growth_and_decay, kennysheep_mini,
          xom_shifter_show, david_nohive_1, uniq_pikel
D:9:      yredelemnul_altar_generic, serial_bayou_pond_a, uniq_erica
D:11:     erik_orc_3, grunt_ministairs_15
D:12:     basic_altar, lemuel_nasty_fountain
D:13:     st_stairs_4, minmay_protected_statue, uniq_josephine, uniq_kirke,
          uniq_azrael, uniq_maud
Temple:   nicolae_temple_great_sept
Orc:2:    st_orc_ogre_mass, elves_outpost_lemuel, uniq_nessos, uniq_maurice,
          uniq_rupert
Elf:1:    portal_ice_cave_entry_ice_statue_02, minmay_elf_demonology,
          amalloy_card_club, uniq_louise
Elf:3:    minmay_elf_hall_dome, uniq_nikola
IceCv:    ice_cave_small_demon

Action                   |  1- 3 |  4- 6 |  7- 9 | 10-12 | 13-15 || total
-------------------------+-------+-------+-------+-------+-------++-------
Melee: Unarmed           |    54 |       |       |       |       ||    54
       Club              |    31 |    30 |   422 |       |       ||   483
       Giant club        |       |       |     8 |   224 |       ||   232
       Giant spiked club |       |       |       |   219 |   290 ||   509
Throw: Large rock        |     8 |    21 |     2 |    13 |    12 ||    56
       Throwing net      |     2 |     4 |       |       |       ||     6
Invok: Heroism           |       |       |     6 |    19 |    19 ||    44
       Finesse           |       |       |       |     2 |     9 ||    11
Evoke: Wand              |     2 |    15 |    44 |     8 |     2 ||    71
  Use: Scroll            |     3 |     6 |    12 |     3 |     7 ||    31
       Potion            |       |       |     3 |     1 |     2 ||     6
 Stab: Confused          |       |       |     1 |       |       ||     1
       Distracted        |       |       |       |     1 |     1 ||     2
       Sleeping          |       |       |       |     1 |     2 ||     3
  Eat: Beef jerky        |       |     1 |       |       |       ||     1
       Chunk             |       |       |     6 |    10 |     8 ||    24
       Pizza             |       |       |     1 |       |       ||     1
